 Dungeon Crawl Stone Soup version 0.18.1-48-g4cf74bf (webtiles) character file.

198 Inkary the Shield-Bearer (level 5, 0/33 HPs)
             Began as a Gargoyle Fighter on July 29, 2016.
             Killed from afar by a kobold (11 damage)
             ... with a wand of acid
             ... on level 3 of the Dungeon.
             The game lasted 00:02:41 (2057 turns).

Inkary the Shield-Bearer (Gargoyle Fighter)         Turns: 2057, Time: 00:02:41

Health: 0/33       AC: 12    Str: 19    XL:     5   Next: 77%
Magic:  5/5        EV:  7    Int:  9    God:
Gold:   144        SH:  9    Dex: 10    Spells: 0 memorised, 4 levels left

rFire  . . .     SeeInvis .     a - +0 flail
rCold  . . .     Gourm    .     b - +0 scale mail
rNeg   + . .     Faith    .     c - +0 shield
rPois  ∞         Spirit   .     (no helmet)
rElec  +         Dismiss  .     r - +0 cloak
rCorr  .         Reflect  .     (no gloves)
SustAt .         Harm     .     (no boots)
MR     .....                    (no amulet)
Stlth  ..........               (no ring)
                                (no ring)

@: not resistant to hostile enchantments, extremely unstealthy
A: negative energy resistance 1, electricity resistance, unbreathing,
petrification resistance, rot immunity, AC +4
a: no special abilities


You were on level 3 of the Dungeon.
You were not hungry.

You visited 1 branch of the dungeon, and saw 3 of its levels.

You collected 144 gold pieces.

Inventory:

Hand Weapons
 a - a +0 flail (weapon)
Armour
 b - a +0 scale mail (worn)
 c - a +0 shield (worn)
 r - a +0 cloak (worn)
Jewellery
 m - an uncursed ring of see invisible {unknown}
Wands
 u - a wand of teleportation (5/9)
Scrolls
 i - a scroll of random uselessness {unknown}
 l - 2 scrolls of identify {unknown}
 n - 2 scrolls of remove curse {unknown}
 o - a scroll of recharging {unknown}
 s - a scroll of noise {unknown}
 v - a scroll of blinking {unknown}
Potions
 d - a potion of might
 e - a potion of heal wounds {unknown}
 h - a potion of flight {unknown}
 j - a potion of curing {unknown}
 k - a potion of brilliance {unknown}
Comestibles
 f - 3 bread rations
 g - a slice of pizza
 p - 5 fruits
 q - 2 chunks of flesh
 t - a meat ration


   Skills:
 + Level 4.2 Fighting
 + Level 3.3 Maces & Flails
 + Level 4.3 Armour
 + Level 4.7 Shields


You had 4 spell levels left.
You didn't know any spells.

Dungeon Overview and Level Annotations

Branches:
Dungeon (3/15)

Altars:
Kikubaaqudgha


Innate Abilities, Weirdness & Mutations

You are resistant to torment.
Your stone body is resilient (AC +4).
You are immune to poison.
You resist negative energy.
You are resistant to electric shocks.
You can survive without breathing.
You are immune to petrification.
You are immune to rotting.


Message History

You see here a giant frog corpse.
You butcher the giant frog corpse.
q - 4 chunks of flesh (gained 2)
You see here a giant frog skeleton.
You start resting.
Some of the chunks of flesh in your inventory have rotted away.
You hear the brisk rusting of a very distant drain.
v - a scroll labeled DENULO KAMU
Found an escape hatch in the floor.
You start resting.
You hear the brisk rusting of a distant drain.
Found a stone staircase leading up.
There is a stone staircase leading up here.
You now have 144 gold pieces (gained 5).
A kobold comes into view.
The kobold shouts!
An orc wizard comes into view. It is wielding a dagger.
The orc wizard shouts!
The kobold zaps a wand.
The bolt of acid hits you!
You die...

#.# #.# #.## # #..## .#
##.#.## ###.
#..##.####### ...
..####.##...# #.# #
#.#.....<.#.####.###....
..#.##.##.......@..K....
#.#(#.##########..##..##
#÷†..# #..# #.#.## #..#
#.#.# #..# #.# # ....
..# #o.## ..>..... ....
####>###


You could see an orc wizard and a kobold.

Vanquished Creatures
  A giant frog (D:3)
  A worker ant (D:3)
  3 gnolls (D:2)
  2 adders (D:2)
  An ooze (D:1)
  2 dart slugs
  2 giant geckos
  4 bats
  A bat zombie (D:2)
  2 giant cockroaches (D:2)
  11 goblins
  5 hobgoblins
  6 jackals
  A quokka (D:2)
  4 giant newts
  3 kobolds
  5 rats
  A rat zombie (D:2)
55 creatures vanquished.

Notes
Turn   | Place    | Note
--------------------------------------------------------------
     0 | D:1      | Inkary the Gargoyle Fighter began the quest for the Orb.
     0 | D:1      | Reached XP level 1. HP: 14/14 MP: 1/1
    46 | D:1      | Reached XP level 2. HP: 13/19 MP: 2/2
   282 | D:1      | You fall through a shaft!
   586 | D:1      | Reached XP level 3. HP: 20/23 MP: 3/3
  1039 | D:2      | Reached XP level 4. HP: 29/29 MP: 4/4
  1547 | D:2      | Found an ancient bone altar of Kikubaaqudgha.
  1947 | D:3      | Noticed a giant frog
  1957 | D:3      | Reached XP level 5. HP: 15/33 MP: 5/5
  1967 | D:3      | HP: 1/33 [giant frog (3)]
  2057 | D:3      | Killed from afar by a kobold

Skill      XL: |  1  2  3  4 |
---------------+-------------+-----
Shields        | 4 |  4.7
Maces & Flails | 3 |  3.3
Armour         | 4 |  4.3
Fighting       | 4 |  4.2

Action                   |  1- 3 |  4- 6 || total
-------------------------+-------+-------++-------
Melee: Flail             |   114 |   100 ||   214
  Eat: Chunk             |     1 |     3 ||     4
Armor: Scale mail        |    60 |    51 ||   111
Dodge: Dodged            |    47 |    33 ||    80
Block: Shield            |    55 |    63 ||   118
